 Dungeon Crawl Stone Soup version 0.27.0-1-g7a08968 (webtiles) character file.

Game seed: 13038392048117463244

135 Illumine the Grave Robber (level 5, 0/44 HPs)
             Began as a Naga Necromancer on Aug 9, 2021.
             Slain by a centaur skeleton (1 damage)
             ... on level 4 of the Dungeon.
             The game lasted 00:06:21 (3806 turns).

Illumine the Grave Robber (Naga Necromancer)        Turns: 3806, Time: 00:06:21

Health: 0/44       AC:  2    Str: 11    XL:     5   Next: 18%
Magic:  9/9        EV: 10    Int: 16    God:
Gold:   150        SH:  0    Dex: 17    Spells: 1/10 levels left

rFire    . . .     SeeInvis +   f - +4 dagger (venom)
rCold    + + .     Faith    .   (no shield)
rNeg     . . .     Spirit   .   a - +0 robe
rPois    +         Reflect  .   (no helmet)
rElec    .         Harm     .   (no cloak)
rCorr    .         Rampage  .   (no gloves)
Will     .....                  (no barding)
Stlth    ++........             (no amulet)
HPRegen  0.14/turn              s - ring of Kyjisirch {rC++ Dex+6}
MPRegen  0.11/turn              (no ring)

@: short of breath, very slow
A: AC +1, large, see invisible, deformed body, poison resistance, slowness 2,
spit poison 1, naga tail 1
a: Spit Poison


You were on level 4 of the Dungeon.
You visited 1 branch of the dungeon, and saw 4 of its levels.

You collected 150 gold pieces.

Inventory:

Hand Weapons
 f - a +4 dagger of venom (weapon)
 h - a +0 war axe
Missiles
 b - 151 stones
 c - 15 poisoned darts
Armour
 a - a +0 robe (worn)
Jewellery
 s - the ring of Kyjisirch (left hand) {rC++ Dex+6}
   (You found it on level 4 of the Dungeon)

   [ring of dexterity]

   Dex:       It affects your dexterity (+6).
   rC:        It greatly protects you from cold.
Wands
 i - a wand of paralysis (7)
 j - a wand of digging (3)
Scrolls
 d - a scroll of enchant weapon {unknown}
 e - a scroll of magic mapping {unknown}
 g - a scroll of brand weapon {unknown}
 k - 2 scrolls of vulnerability
 l - a scroll of noise {unknown}
 m - a scroll of silence {unknown}
 o - a scroll of immolation {unknown}
 r - a scroll of enchant armour {unknown}
Potions
 n - a potion of brilliance {unknown}
 p - a potion of curing {unknown}
 q - a potion of lignification {unknown}


   Skills:
 + Level 1.2 Fighting
 + Level 0.9 Short Blades
 + Level 2.1 Dodging
 - Level 3.0 Stealth
 + Level 3.2 Spellcasting
 + Level 4.9 Necromancy


You had one spell level left.
You knew the following spells:

 Your Spells              Type           Power      Damage    Failure   Level
a - Pain                  Necr           72%        1d7       2%          1
b - Animate Skeleton      Necr           36%        N/A       2%          1
c - Vampiric Draining     Necr           9%         2d7       7%          3
d - Animate Dead          Necr           9%         N/A       24%         4

Your spell library contained the following spells:

 Spells                   Type           Power      Damage    Failure   Level
 Agony                    Necr           18%        N/A       54%         5


Dungeon Overview and Level Annotations

Branches:
Dungeon (4/15)
 Temple: D:4-7

Altars:

Annotations:
D:2 Sigmund


Innate Abilities, Weirdness & Mutations

Your serpentine skin is tough. (AC +1)
You have supernaturally acute eyesight. (SInv)
Armour fits poorly on your strangely shaped body.
Your system is resistant to poisons. (rPois)
You cover ground very slowly.
You can spit poison.
You have a snake-like lower body.


Message History

The centaur skeleton is lightly damaged.
The adder bites you. The centaur skeleton hits you.
The centaur skeleton kicks you. The adder closely misses you.
The adder barely misses you.
You have got your breath back.
The adder bites you but does no damage. The adder closely misses you.
The adder barely misses you. The adder bites you.
The centaur skeleton hits you.
The centaur skeleton kicks you but does no damage.
The adder barely misses you. The centaur skeleton hits you.
The centaur skeleton barely misses you. The adder bites you.
The centaur skeleton barely misses you. The centaur skeleton kicks you.
The adder bites you.
* * * LOW HITPOINT WARNING * * *
The centaur skeleton hits you.
* * * LOW HITPOINT WARNING * * *
The centaur skeleton kicks you.
* * * LOW HITPOINT WARNING * * *
The adder bites you.
* * * LOW HITPOINT WARNING * * *
The centaur skeleton hits you.
* * * LOW HITPOINT WARNING * * *
The centaur skeleton kicks you but does no damage.
The centaur skeleton hits you.
* * * LOW HITPOINT WARNING * * *
The centaur skeleton kicks you.
* * * LOW HITPOINT WARNING * * *
The adder bites you.
* * * LOW HITPOINT WARNING * * *
There is a stone staircase leading up here.
Press: ? - help, Shift-Dir - straight line, f/p - centaur skeleton
Aim: a centaur skeleton (lightly damaged)
The splash of poison hits the centaur skeleton.
The centaur skeleton completely resists.
The centaur skeleton is lightly damaged.
The centaur skeleton barely misses you. The centaur skeleton kicks you.
You die...

#....#.#.#.#.
.###....#.#.#... ##
..#..#.#.#..... #..
......#(..... #...
#.........#
.....#.......##
..............## .
#.@S.....##
..#####Z......#
..............#
..#...........##### #
...#...†.#....#...####.
.# #..#.###............
#.##......#.......#.
#........##...).#.#.
....####.###........


You could see an adder and a centaur skeleton.

Vanquished Creatures
  An orc wizard (D:2)
  3 adders
  An ufetubus (D:4)
  An adder skeleton (D:4)
  2 worms (D:3)
  3 dart slugs
  10 orcs
  3 endoplasms
  2 giant cockroaches (D:2)
  3 hobgoblins
  6 jackals
  2 quokkas
  5 ball pythons
  6 bats
  4 frilled lizards
  5 kobolds
  A rat (D:3)
58 creatures vanquished.

Notes
Turn   | Place    | Note
-------+----------+-------------------------------------------
     0 | D:1      | Illumine the Naga Necromancer began the quest for the Orb.
     0 | D:1      | Reached XP level 1. HP: 15/15 MP: 3/3
   421 | D:1      | Found a faded altar of an unknown god.
   427 | D:1      | Reached XP level 2. HP: 17/22 MP: 1/5
   700 | D:1      | Learned a level 1 spell: Animate Skeleton
  1731 | D:2      | Reached XP level 3. HP: 14/28 MP: 2/6
  1999 | D:2      | Noticed Sigmund
  2371 | D:2      | Learned a level 3 spell: Vampiric Draining
  2734 | D:2      | Reached XP level 4. HP: 19/37 MP: 8/8
  3087 | D:3      | Reached skill level 1 in Fighting
  3101 | D:3      | Learned a level 4 spell: Animate Dead
  3556 | D:3      | Reached XP level 5. HP: 44/44 MP: 7/9
  3770 | D:4      | Identified the ring of Kyjisirch {rC++ Dex+6}
  3805 | D:4      | HP: 1/44 [adder (2)]
  3806 | D:4      | Slain by a centaur skeleton

Illustrated notes

Levels and vault maps discovered:
D:1:      heliophobic_arrival_glass_houses, layout_loops_corners,
          basic_ecumenical_altar, minmay_small_reverse_x
D:2:      layout_basic, minmay_misc_feat_pillars, uniq_sigmund
D:3:      layout_rooms
D:4:      layout_cave_pools, minmay_misc_feat_more_columns,
          uniq_crazy_yiuf_cottage, uniq_grinder, uniq_natasha

Skill      XL: |  1  2  3  4 |
---------------+-------------+-----
Spellcasting   | 3 |  3.2
Fighting       | 1 |  1.2
Dodging        | 2 |  2.1
Short Blades   | |  0.9
Stealth        | |  3.0
Necromancy     | |  4.9

Action                   |  1- 3 |  4- 6 || total
-------------------------+-------+-------++-------
Melee: Unarmed           |     1 |       ||     1
       Whip              |     4 |       ||     4
       War axe           |    13 |       ||    13
       Dagger            |    12 |    39 ||    51
 Cast: Pain              |    52 |    23 ||    75
       Animate Skeleton  |     8 |     1 ||     9
       Vampiric Draining |     1 |       ||     1
 Abil: Spit Poison       |    12 |     6 ||    18
Evoke: Wand              |       |     1 ||     1
  Use: Potion            |     2 |       ||     2
       Scroll            |       |     1 ||     1
Armor: Robe              |     8 |    10 ||    18
Dodge: Dodged            |    33 |    41 ||    74
